 Dungeon Crawl Stone Soup version 0.30.0-29-ga12c61a403 (webtiles) character file.

Game seed: 15637501919105773288

221762 ChadusMaximus the Worldbinder (level 18, -1/135 HPs)
             Began as a Barachi Summoner on June 23, 2023.
             Was the Champion of Hepliaklqana.
             Slain by a vault warden
             ... wielding a +2 great mace of holy wrath
              (34 damage)
             ... on level 1 of the Vaults.
             The game lasted 01:03:40 (33701 turns).

ChadusMaximus the Worldbinder (Barachi Summoner)   Turns: 33701, Time: 01:03:41

Health: -1/135     AC: 17    Str: 13    XL:     18   Next: 73%
Magic:  17/35      EV: 23    Int: 30    God:    Hepliaklqana [******]
Gold:   2211       SH: 15    Dex: 22    Spells: 11/43 levels left

rFire   . . .        f - +10 mace of Might {protect, Int+5}
rCold   . . .        i - +0 kite shield {AC+3}
rNeg    . . .        S - +2 robe "Unas" {Regen+ Int+2}
rPois   +            (no helmet)
rElec   .            r - scarf of Ynlese {+Inv, +Blink Dex+5}
rCorr   .            U - +2 pair of gloves
SInv    .            V - +2 pair of boots {Fly}
Will    +....        w - amulet of regeneration
Stlth   ++           W - ring "Ucileyrgh" {rPois AC+4 Str+2 Int+2 Dex+3}
HPRegen 2.02/turn    Z - ring of wizardry
MPRegen 0.24/turn

%: wizardry (x1)
@: about to teleport, flying, slow
A: reduced essence, amphibious, slowness 1, strong legs 2, +LOS
}: 2/15 runes: decaying, serpentine
a: Hop, Renounce Religion, Evoke Blink, Evoke Invisibility, Recall Ancestor,
Ancestor Identity, Transference, Idealise


You were on level 1 of the Vaults.
You worshipped Hepliaklqana.
Hepliaklqana was exalted by your worship.
You visited 7 branches of the dungeon, and saw 32 of its levels.
You also visited: Sewer.

You collected 3935 gold pieces.
You spent 1724 gold pieces at shops.

Inventory:

Hand Weapons
 f - the +10 mace of Might (weapon) {protect, Int+5}
   (You found it on level 14 of the Dungeon)

   Int:       It affects your intelligence (+5).
 E - a +0 glaive of flaming
Missiles
 M - a throwing net
Armour
 i - a +0 kite shield of protection (worn)
 r - the scarf of Ynlese (worn) {+Inv, +Blink Dex+5}
   (You acquired it on level 2 of the Lair of Beasts)

   Dex:       It affects your dexterity (+5).
   +Blink:    It lets you blink.
 S - the +2 robe "Unas" (worn) {Regen+ Int+2}
   (You found it on level 9 of the Dungeon)

   Int:       It affects your intelligence (+2).
   Regen:     It increases your rate of health regeneration.
 U - a +2 pair of gloves (worn)
 V - a +2 pair of boots of flying (worn)
Jewellery
 w - an amulet of regeneration (around neck)
 B - a ring of wizardry
 I - a ring of ice
 Q - a ring of resist corrosion
 R - a ring of poison resistance
 W - the ring "Ucileyrgh" (left hand) {rPois AC+4 Str+2 Int+2 Dex+3}
   (You bought it in a shop on level 2 of the Orcish Mines)

   [ring of protection]

   AC:        It affects your AC (+4).
   Str:       It affects your strength (+2).
   Int:       It affects your intelligence (+2).
   Dex:       It affects your dexterity (+3).
   rPois:     It protects you from poison.
 Z - a ring of wizardry (right hand)
Wands
 x - a wand of light (26)
 G - a wand of roots (48)
 K - a wand of mindburst (20)
 T - a wand of digging (2)
Scrolls
 a - 2 scrolls of brand weapon
 c - 4 scrolls of noise
 e - 14 scrolls of teleportation
 g - 3 scrolls of immolation
 h - 11 scrolls of fog
 k - 4 scrolls of fear
 m - 2 scrolls of enchant weapon
 n - 4 scrolls of enchant armour
 o - 3 scrolls of vulnerability
 p - a scroll of blinking
 t - 3 scrolls of identify
 v - 4 scrolls of magic mapping
 y - 6 scrolls of poison
 L - 3 scrolls of butterflies
 N - 3 scrolls of torment
 O - 2 scrolls of amnesia
 Y - 2 scrolls of silence
Potions
 b - 5 potions of magic
 d - 6 potions of attraction
 j - 7 potions of degeneration
 l - 5 potions of mutation
 q - 9 potions of haste
 s - 5 potions of brilliance
 u - 6 potions of berserk rage
 z - 7 potions of heal wounds
 A - 11 potions of curing
 C - 4 potions of invisibility
 D - 7 potions of might
 F - 3 potions of lignification
 H - 8 potions of flight
 J - 6 potions of ambrosia
 P - a potion of resistance
 X - 3 potions of cancellation


   Skills:
 - Level 15.6 Fighting
 - Level 10.2 Long Blades
 - Level 15.1 Dodging
 - Level 1.7 Stealth
 - Level 15.0 Shields
 + Level 13.0 Spellcasting
 * Level 21.1 Summonings
 + Level 7.2 Invocations


You had 11 spell levels left.
You knew the following spells:

 Your Spells              Type           Power      Damage    Failure   Level
a - Summon Forest         Summ/Tloc      35%        N/A       1%          5
b - Call Canine Familiar  Summ           98%        N/A       0%          3
c - Call Imp              Summ           100%       N/A       0%          2
d - Summon Lightning Spi  Summ/Air       70%        N/A       1%          4
e - Summon Ice Beast      Ice/Summ       70%        N/A       1%          4
f - Summon Cactus Giant   Summ           49%        N/A       1%          6
g - Summon Horrible Thin  Summ           49%        N/A       2%          8

Your spell library contained the following spells:

 Spells                   Type           Power      Damage    Failure   Level
 Summon Small Mammal      Summ           100%       N/A       0%          1
 Kiss of Death            Conj/Necr      76%        2d11      1%          1
 Sting                    Tmut/Pois      76%        1d6       1%          1
 Summon Guardian Golem    Hex/Summ       70%        N/A       1%          3
 Summon Mana Viper        Hex/Summ       70%        N/A       1%          5
 Cigotuvi's Dreadful Rot  Necr/Pois/Air  38%        N/A       2%          2
 Ensorcelled Hibernation  Hex/Ice        38%        N/A       2%          2
 Passwall                 Tmut/Erth      15%        N/A       2%          2
 Poisonous Vapours        Pois/Air       38%        N/A       2%          2
 Dazzling Flash           Conj/Hex       38%        N/A       6%          3
 Frozen Ramparts          Ice            38%        1d6       6%          3
 Ignite Poison            Fire/Tmut/Pois 19%        N/A       6%          3
 Ozocubu's Armour         Ice            19%        N/A       6%          3
 Swiftness                Air            19%        N/A       6%          3
 Vhi's Electric Charge    Tloc/Air       38%        N/A       6%          3
 Cause Fear               Hex            9%         N/A       19%         4
 Dispel Undead            Necr           19%        3d11      19%         4
 Ice Form                 Ice/Tmut       19%        N/A       19%         4
 Leda's Liquefaction      Hex/Erth       9%         N/A       19%         4
 Olgreb's Toxic Radiance  Pois           19%        N/A       19%         4
 Sticky Flame             Conj/Fire      19%        2d4       19%         4
 Haunt                    Necr/Summ      35%        N/A       21%         7
 Malign Gateway           Summ/Tloc      35%        N/A       21%         7
 Spellforged Servitor     Conj/Summ      35%        N/A       21%         7
 Dragon's Call            Summ           49%        N/A       32%         9
 Agony                    Necr           19%        N/A       45%         5
 Alistair's Intoxication  Tmut/Pois      12%        N/A       45%         5
 Arcjolt                  Conj/Air       9%         1d19      45%         5
 Borgnjor's Vile Clutch   Necr/Erth      9%         N/A       45%         5
 Iskenderun's Battlesphe  Conj           19%        2d7       45%         5
 Lee's Rapid Deconstruct  Erth           9%         3d7*      45%         5
 Silence                  Hex/Air        9%         N/A       45%         5
 Death Channel            Necr           9%         N/A       94%         6
 Iron Shot                Conj/Erth      9%         9d3       94%         6
 Statue Form              Tmut/Erth      12%        N/A       94%         6
 Dragon Form              Tmut           9%         N/A       100%        7
 Ozocubu's Refrigeration  Ice            9%         4d9       100%        7
 Ignition                 Fire           9%         3d5       100%        8
 Maxwell's Capacitive Co  Air            9%         ∞         100%        8
 Chain Lightning          Conj/Air       9%         3d12      100%        9
 Fire Storm               Conj/Fire      9%         8d3       100%        9
 Shatter                  Erth           9%         3d11*     100%        9


Dungeon Overview and Level Annotations

Branches:
Dungeon (15/15)            Temple (1/1) D:4            Lair (5/5) D:10
  Swamp (4/4) Lair:3        Snake (4/4) Lair:2        Slime (0/5) Lair:5
    Orc (2/2) D:12            Elf (0/3) Orc:2        Vaults (1/5) D:13
 Depths (0/4) D:15          Sewer (visited)

Altars:
Cheibriados
Dithmenos
Fedhas
Gozag
Hepliaklqana
Kikubaaqudgha
Makhleb
Nemelex Xobeh
Okawaru
Qazlal
Ru
Sif Muna
Trog
Vehumet
Yredelemnul
Zin
The Shining One
Jiyva

Shops:
D:10 [   D:11 [   D:12 [   Orc:2 =?[:[   Snake:2 =

Portals:
Hell: Lair:5


Innate Abilities, Weirdness & Mutations

Your life essence is reduced to manifest your ancestor. (-10% HP)
You are amphibious.
You cover ground slowly.
You can hop long distances.
You have an extended range of vision and can be seen from far away.


Message History

The vault warden is severely wounded.
The yaktaur is recalled. x2; The vault sentinel is recalled.
Your ice beast hits the dire elephant but does no damage.
The ironbound convoker points at the ironbound convoker and mumbles some strange words.
The ironbound convoker seems to grow stronger.
You block the vault warden's attack. You block the dire elephant's attack.
The dire elephant barely misses you. 2 yaktaurs come into view.
Unknown command.
Casting: Summon Forest (mildly dangerous; 1% risk of failure)
Confirm with . or Enter, or press ? or * to list all spells.
Nothing appears to happen.
Your ice beast hits the dire elephant but does no damage.
You block the ironbound convoker's attack.
The vault warden hits you from afar with a +0 bardiche!!
The dire elephant completely misses you.
The dire elephant trunk-slaps you but does no damage.
You block the vault warden's attack.
Unknown command.
You barely miss the vault warden.
The vault warden is severely wounded.
Your ice beast hits the dire elephant but does no damage.
The dire elephant tramples you!
You hold your ground!
You block the dire elephant's attack. The vault warden completely misses you.
You block the ironbound convoker's attack.
The vault warden hits you from afar with a +0 bardiche!!
* * * LOW HITPOINT WARNING * * *
Your ice beast hits the dire elephant but does no damage.
The ironbound convoker misses you. You block the vault warden's attack.
The dire elephant closely misses you. You block the dire elephant's attack.
The vault warden activates a sealing rune.
As you read the scroll of teleportation, it crumbles to dust.
You feel strangely unstable.
Your ice beast hits the dire elephant but does no damage.
You block the ironbound convoker's attack.
The vault warden completely misses you. The dire elephant barely misses you.
The dire elephant trunk-slaps you!
* * * LOW HITPOINT WARNING * * *
The vault warden hits you with a +2 great mace of holy wrath!!
You die...

#....#.........# ......
###....#.........# ......
..#....#.........#.......
..#....#.........#.......
..#....####'######.......
).'......................
..#......................
..#...........##+#######.
..#...........#p@#..# #
###...#########pY#o.#..#
#...# #Ypp.Cc..# #...#
###c##p### #...#
#..c.....# #...#
#..#..#).# +.. ..# # ###
###


You could see a dire elephant (strong, ally target), 2 vault wardens, 2
ironbound convokers, 2 yaktaurs and a friendly ice beast (summoned).

Vanquished Creatures
  2 eleionomae
  2 two-headed ogres
  2 alligators
  A naga warrior (Snake:1)
  A shock serpent (Snake:4)
  A sun demon (Lair:5)
  3 skysharks
  A bog body (Swamp:2)
  A spriggan druid (Swamp:2)
  A deep elf archer (D:13)
  4 deep elf pyromancers
  A deep elf zephyrmancer (D:13)
  An orc sorcerer (Orc:2)
  A will-o-the-wisp (Swamp:4)
  4 elephants (Lair:5)
  A salamander (Snake:2)
  A nameless horror (Swamp:2)
  2 naga magi
  7 black mambas
  4 cane toads
  An ice devil (Lair:5)
  3 rime drakes
  5 komodo dragons
  3 hornets
  2 trolls
  A polar bear (Lair:5)
  A tyrant leech (Swamp:1)
  3 blink frogs (Lair:5)
  4 slime creatures
  2 spriggans
  A centaur simulacrum (D:15)
  19 yaks
  A shadow (D:12)
  A vampire mosquito (Swamp:1)
  5 nagas
  An acid dragon (D:12)
  6 water moccasins
  A hell hound (Lair:5)
  An orc warrior (Orc:1)
  A swamp drake (Swamp:4)
  An ogre (Orc:2)
  3 wolves
  A black bear (Lair:1)
  A centaur (D:13)
  A kobold brigand (D:8)
  4 bullfrogs
  A wight (D:8)
  A howler monkey (D:4)
  2 jellies
  A hound (D:10)
  4 orc wizards (Orc:2)
  A sleepcap (D:7)
  4 adders
  A river rat (D:6)
  A white imp (D:8)
  A worm (D:2)
  A dart slug (D:2)
  8 orcs
  8 ball pythons
  5 endoplasms
  3 giant cockroaches
  3 goblins (D:2)
  3 hobgoblins
  2 jackals
  3 quokkas
  5 bats
  2 frilled lizards
  5 kobolds
  3 orc zombies (D:12)
  5 rats
187 creatures vanquished.

Vanquished Creatures (collateral kills)
  Mara (Swamp:3)
  A kraken (Swamp:3)
  Donald (Vaults:1)
  Kirke (Swamp:2)
  Roxanne (Swamp:2)
  A fenstrider witch (Swamp:3)
  6 nagarajas
  Louise (Snake:3)
  Aizul (Snake:2)
  A war gargoyle (Vaults:1)
  A stone giant (D:15)
  2 eleionomae
  2 bunyips
  A dire elephant (Lair:5)
  Snorg (Lair:5)
  Josephine (Lair:3)
  26 hydras
  5 salamander tyrants
  A peacekeeper (Vaults:1)
  5 ogre magi (Orc:2)
  2 ghost crabs
  6 two-headed ogres
  5 anacondas
  4 centaur warriors
  2 tengu warriors (D:15)
  3 boulder beetles
  8 alligators
  16 naga warriors
  6 shock serpents
  13 naga sharpshooters
  Nergalle (Orc:2)
  2 sea snakes (Snake:4)
  A goliath frog (Swamp:1)
  3 salamander mystics
  7 spriggan druids
  10 swamp dragons
  5 bog bodies
  A wizard (Lair:5)
  An ironbound convoker (Vaults:1)
  4 naga ritualists (Snake:2)
  6 ugly things
  2 orc knights
  A deep elf zephyrmancer (D:13)
  17 mana vipers
  2 deep elf pyromancers
  4 orc sorcerers (Orc:2)
  2 will-o-the-wisps
  3 cyclopes
  18 salamanders
  10 naga magi
  4 centaur zombies (D:11)
  13 elephants
  A guardian serpent (shapeshifter) (D:14)
  26 black mambas
  2 manticores
  4 guardian serpents
  A spectral centaur (D:11)
  A black mamba (shapeshifter) (D:14)
  2 gargoyles
  2 orange demons (Lair:5)
  6 cane toads
  2 kobold demonologists (D:13)
  A rime drake (Lair:5)
  8 komodo dragons
  2 ice devils (Lair:5)
  A red devil (Lair:5)
  2 polar bears
  7 trolls
  A hellwing (Lair:5)
  4 hornets
  5 tyrant leeches
  4 blink frogs (Lair:5)
  7 dream sheep (Lair:5)
  A shadow (D:12)
  4 slime creatures
  4 wraiths
  6 spriggans
  A water elemental (D:14)
  A vampire (D:10)
  54 yaks
  Grum (D:10)
  Eustachio (D:6)
  A yak (shapeshifter) (D:14)
  3 wyverns
  4 hogs (Swamp:2)
  A basilisk (Lair:3)
  7 vampire mosquitoes (Swamp:1)
  Edmund (D:5)
  2 wargs (Orc:2)
  12 swamp worms
  25 nagas
  An acid dragon (D:12)
  3 water moccasins
  A knight (Swamp:4)
  Pargi (Sewer)
  14 orc warriors
  2 hell hounds (Lair:5)
  12 swamp drakes
  3 sky beasts
  An ice beast (D:5)
  A black bear (D:4)
  18 wolves
  9 ogres
  3 centaurs
  2 phantoms
  Blork the orc (D:6)
  5 kobold brigands
  A gnoll sergeant (D:8)
  6 bullfrogs
  2 scorpions
  6 wights
  5 killer bees
  6 troll zombies (D:12)
  4 howler monkeys
  A nameless horror (D:7)
  10 electric eels
  3 hounds (D:10)
  A gnoll bouda (Orc:1)
  13 orc priests
  Crazy Yiuf (D:3)
  6 jellies
  4 iguanas
  25 orc wizards
  A sleepcap (D:7)
  2 ogre zombies (D:12)
  12 gnolls
  11 adders
  3 worms
  A dart slug (D:5)
  60 orcs
  2 endoplasms
  5 giant cockroaches
  2 goblins
  2 hobgoblins
  3 jackals
  A quokka (D:1)
  3 ball pythons
  4 bats
  3 frilled lizards
  A goblin skeleton (D:12)
  A goblin zombie (D:12)
  A hobgoblin skeleton (D:12)
  3 hobgoblin zombies (D:12)
  14 kobolds
  An orc skeleton (D:12)
  15 orc zombies (D:12)
  3 rats (D:2)
  A tentacle (Swamp:3)
786 creatures vanquished.

Vanquished Creatures (others)
  An alligator (Swamp:1)
  A goliath frog (Swamp:1)
  A spriggan druid (Swamp:1)
  A bloated husk (Swamp:3)
  23 knights
  An orc wizard (Orc:2)
  4 ancestors
  6 foxfires
  2 snaplasher vines (Swamp:1)
  3 tentacles (Swamp:3)
43 creatures vanquished.

Grand Total: 1016 creatures vanquished

Notes
Turn   | Place    | Note
-------+----------+-------------------------------------------
     0 | D:1      | ChadusMaximus the Barachi Summoner began the quest for the
                  | Orb.
     0 | D:1      | Reached XP level 1. HP: 13/13 MP: 3/3
   123 | D:1      | Reached skill level 5 in Summonings
   236 | D:1      | Reached XP level 2. HP: 19/19 MP: 1/5
  1105 | D:2      | Reached XP level 3. HP: 23/24 MP: 4/7
  1244 | D:2      | Found a faded altar of an unknown god.
  1348 | D:2      | Reached skill level 6 in Summonings
  1520 | D:2      | Reached XP level 4. HP: 4/30 MP: 5/8
  1670 | D:2      | Found a snail-covered altar of Cheibriados.
  2330 | D:3      | Reached XP level 5. HP: 28/35 MP: 1/10
  2412 | D:3      | Learned a level 3 spell: Call Canine Familiar
  2415 | D:3      | Learned a level 2 spell: Call Imp
  2433 | D:3      | Reached skill level 7 in Summonings
  2494 | D:3      | Found a glowing golden altar of the Shining One.
  3157 | D:3      | Found a runed translucent door.
  3158 | D:3      | Noticed Crazy Yiuf
  3372 | D:3      | Killed Crazy Yiuf
  3373 | D:3      | Reached XP level 6. HP: 41/41 MP: 3/11
  3796 | D:4      | Noticed a black bear
  3817 | D:4      | Killed a black bear
  3818 | D:4      | Reached skill level 8 in Summonings
  3944 | D:4      | Found a staircase to the Ecumenical Temple.
  4025 | Temple   | Entered the Ecumenical Temple
  4080 | Temple   | Became a worshipper of Hepliaklqana the Forgotten
  4346 | D:4      | Found a sparkling altar of Nemelex Xobeh.
  4553 | D:5      | Entered Level 5 of the Dungeon
  4554 | D:5      | Noticed an ice beast
  4561 | D:5      | Reached XP level 7. HP: 39/46 MP: 6/13
  4685 | D:5      | Noticed Edmund
  4867 | D:5      | Reached skill level 9 in Summonings
  5048 | D:5      | Killed Edmund
  5049 | D:5      | Reached skill level 5 in Spellcasting
  5364 | D:5      | Reached XP level 8. HP: 52/52 MP: 16/16
  5376 | D:5      | Reached skill level 10 in Summonings
  5549 | D:5      | Learned a level 4 spell: Summon Lightning Spire
  5764 | D:6      | Found a glowing drain.
  5801 | Sewer    | Entered a sewer
  5844 | Sewer    | Reached * piety under Hepliaklqana
  5852 | Sewer    | Noticed Pargi
  5867 | Sewer    | Killed Pargi
  6104 | D:6      | Found a glowing silver altar of Zin.
  6104 | D:6      | Noticed Blork the orc
  6116 | D:6      | Killed Blork the orc
  6117 | D:6      | Reached skill level 11 in Summonings
  6440 | D:6      | Found a stormy altar of Qazlal.
  6485 | D:6      | Noticed Eustachio
  6500 | D:6      | Killed Eustachio
  6690 | D:7      | Noticed a hornet
  6692 | D:7      | Found a shadowy altar of Dithmenos.
  6697 | D:7      | Killed a hornet
  6698 | D:7      | Reached skill level 12 in Summonings
  6698 | D:7      | Reached XP level 9. HP: 18/51 MP: 11/19
  6901 | D:7      | Found an iron altar of Okawaru.
  7276 | D:7      | Reached skill level 13 in Summonings
  7927 | D:8      | Reached skill level 14 in Summonings
  7933 | D:8      | Reached XP level 10. HP: 56/56 MP: 19/22
  8030 | D:8      | Reached skill level 1 in Fighting
  8068 | D:8      | Reached ** piety under Hepliaklqana
  8069 | D:8      | Remembered your ancestor Tepiltzin as a knight
  8836 | D:9      | Reached skill level 5 in Dodging
  8895 | D:9      | Noticed a gargoyle
  8915 | D:9      | Killed a gargoyle
  8916 | D:9      | Reached skill level 5 in Fighting
  8936 | D:9      | Identified the +2 robe "Unas" {Regen+ Int+2}
  9200 | D:10     | Entered Level 10 of the Dungeon
  9312 | D:10     | Noticed a two-headed ogre
  9323 | D:10     | Killed a two-headed ogre
  9409 | D:10     | Reached XP level 11. HP: 47/74 MP: 9/23
  9727 | D:10     | Found a staircase to the Lair.
  9795 | D:10     | Reached *** piety under Hepliaklqana
  9871 | D:10     | Found Junexai's Armour Boutique.
 10115 | D:10     | Noticed Grum
 10134 | D:10     | Killed Grum
 10767 | D:11     | Noticed a two-headed ogre
 10788 | D:11     | Killed a two-headed ogre
 10918 | D:11     | Found Eckouzif's Antique Armour Boutique.
 10961 | D:11     | Noticed a two-headed ogre
 10970 | D:11     | Killed a two-headed ogre
 11405 | D:11     | Noticed a cyan ugly thing
 11440 | D:11     | Killed a cyan ugly thing
 11441 | D:11     | Reached skill level 10 in Fighting
 11547 | D:11     | Reached skill level 1 in Long Blades
 11602 | D:11     | Reached skill level 10 in Dodging
 11602 | D:11     | Reached XP level 12. HP: 85/87 MP: 17/24
 11737 | Lair:1   | Entered Level 1 of the Lair of Beasts
 11783 | Lair:1   | Reached skill level 5 in Long Blades
 12144 | Lair:1   | Reached skill level 1 in Invocations
 12162 | Lair:1   | Reached **** piety under Hepliaklqana
 12692 | Lair:1   | Learned a level 4 spell: Summon Ice Beast
 12711 | Lair:2   | Noticed a six-headed hydra
 12722 | Lair:2   | Killed a six-headed hydra
 12905 | Lair:2   | Noticed a seven-headed hydra
 12910 | Lair:2   | Killed a seven-headed hydra
 13000 | Lair:2   | Found a staircase to the Snake Pit.
 13034 | Lair:2   | Gained mutation: You can hop long distances. [Barachi
                  | growth]
 13034 | Lair:2   | Reached XP level 13. HP: 73/92 MP: 1/25
 13903 | Lair:2   | Identified 3 scrolls of acquirement
 13920 | Lair:2   | Acquired 1074 gold pieces
 13927 | Lair:2   | Acquired the scarf of Ynlese {+Inv, +Blink Dex+5}
 13951 | Lair:2   | Acquired a book of the Wilderness
 13964 | Lair:2   | Learned a level 6 spell: Summon Cactus Giant
 13998 | Lair:3   | Noticed Josephine
 14147 | Lair:3   | Killed Josephine
 14160 | Lair:3   | Reached skill level 5 in Invocations
 14339 | Lair:3   | Found a staircase to the Swamp.
 14550 | Lair:3   | Reached ***** piety under Hepliaklqana
 15225 | Lair:4   | Reached skill level 10 in Long Blades
 15569 | Lair:5   | Entered Level 5 of the Lair of Beasts
 15873 | Lair:5   | Reached skill level 15 in Summonings
 16046 | Lair:5   | Found a viscous altar of Jiyva.
 16047 | Lair:5   | Found a staircase to the Slime Pits.
 16307 | Lair:5   | Noticed Snorg
 16317 | Lair:5   | Killed Snorg
 16318 | Lair:5   | Reached XP level 14. HP: 99/99 MP: 7/27
 16336 | Lair:5   | Reached skill level 16 in Summonings
 16671 | Lair:5   | Reached skill level 10 in Spellcasting
 17106 | Lair:5   | Learned a level 5 spell: Summon Forest
 17109 | Lair:5   | Found a burning altar of Makhleb.
 17129 | Lair:5   | Reached skill level 17 in Summonings
 17312 | Lair:5   | Found a gateway to Hell.
 17788 | Lair:5   | Noticed a dire elephant
 17802 | Lair:5   | Killed a dire elephant
 17803 | Lair:5   | Reached skill level 18 in Summonings
 18607 | D:12     | Found a staircase to the Orcish Mines.
 19217 | D:12     | Reached XP level 15. HP: 103/103 MP: 22/30
 19883 | D:13     | Reached skill level 19 in Summonings
 20378 | D:13     | Found a gate to the Vaults.
 20394 | D:13     | Got the Incunable of the Cicada
 20968 | D:14     | Reached ****** piety under Hepliaklqana
 21548 | D:14     | Identified the +10 mace of Might {protect, Int+5}
 21889 | D:14     | Found a snail-covered altar of Cheibriados.
 21988 | D:15     | Entered Level 15 of the Dungeon
 22882 | D:15     | Reached skill level 1 in Shields
 22926 | D:15     | Found a staircase to the Depths.
 23329 | Orc:1    | Entered Level 1 of the Orcish Mines
 23875 | Orc:2    | Entered Level 2 of the Orcish Mines
 23936 | Orc:2    | Found a staircase to the Elven Halls.
 24211 | Orc:2    | Found Mauc's Armour Shoppe.
 24244 | Orc:2    | Noticed Nergalle
 24416 | Orc:2    | Found Cuyskeckoo's Jewellery Shop.
 24423 | Orc:2    | Bought the ring "Ucileyrgh" {rPois AC+4 Str+2 Int+2 Dex+3}
                  | for 1052 gold pieces
 24448 | Orc:2    | Found an ancient bone altar of Kikubaaqudgha.
 24466 | Orc:2    | Killed Nergalle
 24468 | Orc:2    | Reached skill level 5 in Shields
 24561 | Orc:2    | Found Wyxiely's Book Boutique.
 24626 | Orc:2    | Found Kezou's Antique Armour Shop.
 24629 | Orc:2    | Bought a Grand Grimoire for 408 gold pieces
 24642 | Orc:2    | Learned a level 8 spell: Summon Horrible Things
 24663 | Orc:2    | Found a radiant altar of Vehumet.
 24726 | Orc:2    | Found Wuluosu's Magic Scroll Boutique.
 24735 | Orc:2    | Bought a scroll of teleportation for 48 gold pieces
 24735 | Orc:2    | Bought a scroll of teleportation for 48 gold pieces
 24735 | Orc:2    | Bought a scroll of blinking for 120 gold pieces
 24735 | Orc:2    | Bought a scroll of teleportation for 48 gold pieces
 25273 | Snake:1  | Entered Level 1 of the Snake Pit
 25288 | Snake:1  | Reached XP level 16. HP: 108/114 MP: 11/31
 26094 | Snake:2  | Reached skill level 15 in Dodging
 26237 | Snake:2  | Found Heppeiz's Jewellery Boutique.
 26328 | Snake:2  | Noticed a nagaraja
 26343 | Snake:2  | Killed a nagaraja
 26725 | Snake:2  | Noticed Aizul
 26725 | Snake:2  | Noticed a nagaraja
 26726 | Snake:2  | Noticed a nagaraja
 26729 | Snake:2  | Noticed a nagaraja
 26742 | Snake:2  | Killed Aizul
 26745 | Snake:2  | Killed a nagaraja
 26751 | Snake:2  | Killed a nagaraja
 26762 | Snake:2  | Killed a nagaraja
 26767 | Snake:2  | Noticed a nagaraja
 26777 | Snake:2  | Killed a nagaraja
 26799 | Snake:2  | Reached skill level 10 in Shields
 27029 | Snake:3  | Noticed Louise
 27041 | Snake:3  | Killed Louise
 27128 | Snake:3  | Identified the +0 battleaxe of Wu Jian's Displeasure
                  | {flame, rF+ rCorr}
 27165 | Snake:3  | Reached XP level 17. HP: 89/125 MP: 2/32
 27915 | Snake:4  | Entered Level 4 of the Snake Pit
 28759 | Snake:4  | Reached skill level 15 in Fighting
 29737 | Snake:4  | Got a serpentine rune of Zot
 29884 | Swamp:1  | Entered Level 1 of the Swamp
 30732 | Swamp:2  | Noticed Kirke
 30742 | Swamp:2  | Killed Kirke
 31172 | Swamp:2  | Noticed Roxanne
 31295 | Swamp:2  | Killed Roxanne
 31296 | Swamp:2  | Reached XP level 18. HP: 135/135 MP: 20/34
 31647 | Swamp:3  | Reached skill level 15 in Shields
 31647 | Swamp:3  | Reached skill level 20 in Summonings
 31727 | Swamp:3  | Noticed Mara
 31749 | Swamp:3  | Killed Mara
 32057 | Swamp:4  | Entered Level 4 of the Swamp
 32730 | Swamp:4  | Reached skill level 21 in Summonings
 32737 | Swamp:4  | Got Supuoret's Guide on Putrescence and Metal
 32909 | Swamp:4  | Got a decaying rune of Zot
 33566 | Vaults:1 | Entered Level 1 of the Vaults
 33604 | Vaults:1 | Noticed Donald
 33616 | Vaults:1 | Killed Donald
 33701 | Vaults:1 | Slain by a vault warden

Illustrated notes

Levels and vault maps discovered:
D:1:      evilmike_arrival_crescent, layout_basic
D:2:      layout_loops_cross, shapermc_ecumenical_altar_hornbeckon, basic_altar,
          minmay_pentomino_u4
D:3:      layout_loops_ring, mainiacjoe_overflow_paths, uniq_crazy_yiuf_cottage
D:4:      layout_basic, nemelex_dance_club_becter, minmay_temple_entry_ruins,
          grunt_ministairs_9
D:5:      layout_rooms, uniq_edmund
D:6:      layout_basic, zin_statuary, nicolae_qazlal_eye_of_the_storm,
          cheibrodos_sewer_entry_sluice, uniq_eustachio, uniq_blork_the_orc
D:7:      layout_gridville, mainiacjoe_overflow_six_doors_small,
          grunt_dithmenos_smoke, kennysheep_small_spiral
D:8:      layout_basic, grunt_ogre_cave, minmay_bent
D:9:      layout_basic
D:10:     layout_grid_maze, erik_lair_island, serial_shops,
          nicolae_shop_just_a_little_nook, uniq_grum
D:11:     layout_basic, serial_shops, shop, hangedman_weighted_door,
          minivault_19, minmay_splitting_lines
D:12:     layout_gridville, zombieorc2_lemuel, minmay_diced_spiral
D:13:     layout_gridville, hangedman_vaults_entry_quadrant_bands
D:14:     layout_cave_pools, chequers_big_river, cheibrodos_worm_habitat
D:15:     grunt_enter_depths_snipers, layout_long_grid, serial_park_square2,
          minmay_misc_feat_cross, grunt_decor_one_mirror
Temple:   kb_temple_of_zot
Lair:1:   layout_regular_city, grunt_megastairs_3, lemuel_fruit_tree
Lair:2:   layout_layer_cave, minmay_snake_entry_guardpost_small,
          grunt_forest_stairs_basic
Lair:3:   beargit_carnivore_pack, layout_hall_layers, skrybe_swamp_entry_bodies,
          grunt_megastairs_5, uniq_josephine
Lair:4:   layout_gridlike, serial_bayou_shore_b, grunt_megastairs_2,
          lemuel_fruit_fields
Lair:5:   evil_forest, layout_layer_cave, nicolae_slime_entry_field_trip,
          uniq_snorg
Swamp:1:  layout_basic_swamp, evilmike_swamp_ruin_wall
Swamp:2:  layout_falls_marsh, hangedman_swamp_ruin_wall,
          infiniplex_staircase_pool_2, uniq_kirke, uniq_roxanne
Swamp:3:  layout_basic_swamp, evilmike_swamp_ruin_house_5,
          nicolae_swamp_thats_no_hydra, uniq_mara
Swamp:4:  swamp, layout_basic_swamp, swamp_pool5, hangedman_swamp_pad,
          infiniplex_staircase_pool
Snake:1:  layout_misc_corridors
Snake:2:  nicolae_aizul_guard, layout_basic, serial_shops, shop
Snake:3:  layout_onion_interference, uniq_louise
Snake:4:  snake_pit, layout_misc_corridors, nicolae_snake_mages_go_home,
          serial_bayou_shore_a
Orc:1:    layout_caves
Orc:2:    kennysheep_orc_mage_school, layout_caves, serial_shops,
          nicolae_shop_just_a_little_nook, basic_altar
Vaults:1: vaults_room_door_ring, nicolae_vaults_variable_pillar_hall,
          vaults_dpeg_ring, nicolae_vaults_little_squares_3,
          nicolae_vaults_border_crossing, nicolae_vaults_six-pack,
          ontoclasm_vaults_chip, layout_vaults_omnigrid, uniq_donald

Skill      XL: |  1  2  3  4  5  6  7  8  9 10 11 12 13 14 15 16 17 18 |
---------------+-------------------------------------------------------+-----
Summonings     | 5 6 7 8 9 12 14 15 18 19 21 | 21.1
Spellcasting   | 3 4 5 6 8 9 11 12 13 | 13.0
Fighting       | 6 10 12 14 15 | 15.6
Dodging        | 6 10 12 13 14 15 | 15.1
Long Blades    | 2 8 10 | 10.2
Invocations    | 3 5 7 |  7.2
Shields        | 5 11 14 15 | 15.0
Stealth        | |  1.7

Action                     |  1- 3 |  4- 6 |  7- 9 | 10-12 | 13-15 | 16-18 || total
---------------------------+-------+-------+-------+-------+-------+-------++-------
  Melee: Unarmed           |    67 |       |       |       |       |       ||    67
         Short sword       |    83 |   180 |   104 |       |       |       ||   367
         Punch             |     1 |     2 |       |       |    10 |       ||    13
         Glaive            |       |       |    61 |    94 |       |       ||   155
         Falchion          |       |       |       |    70 |   418 |       ||   488
         Mace              |       |       |       |       |    65 |   301 ||   366
   Cast: Summon Small Mamm |    28 |    20 |    16 |    16 |     1 |       ||    81
         Call Canine Famil |       |    11 |    29 |    47 |    44 |     5 ||   136
         Call Imp          |       |    10 |    15 |    13 |     3 |       ||    41
         Summon Lightning  |       |       |    12 |    47 |    74 |    36 ||   169
         Summon Ice Beast  |       |       |       |     5 |    43 |    22 ||    70
         Summon Cactus Gia |       |       |       |       |    61 |    67 ||   128
         Summon Forest     |       |       |       |       |     5 |    12 ||    17
         Summon Horrible T |       |       |       |       |     1 |    24 ||    25
 Invoke: Ancestor Life: Kn |       |       |       |     1 |       |       ||     1
         Recall Ancestor   |       |       |       |     1 |     1 |       ||     2
         Idealise          |       |       |       |       |     1 |     3 ||     4
Ability: Hop               |     1 |     2 |     3 |     4 |     8 |     1 ||    19
    Use: Scroll            |       |       |     1 |       |    28 |     9 ||    38
         Potion            |       |       |       |       |       |     2 ||     2
   Stab: Sleeping          |     2 |     5 |     3 |     2 |     4 |     2 ||    18
         Distracted        |       |       |     1 |     4 |     6 |     7 ||    18
         Confused          |       |       |       |       |       |     1 ||     1
 Armour: Robe              |    39 |    37 |    50 |    48 |   125 |   138 ||   437
  Dodge: Dodged            |   119 |   137 |   149 |   234 |   674 |   448 ||  1761
  Block: Buckler           |       |       |       |       |    38 |    97 ||   135
         Kite shield       |       |       |       |       |       |   334 ||   334
